Map: 뉴 리퍼그넌시 - 래더

Players

lIIllllIIlll (INnoVation) - Winner!

  • Race: Terran Terran
  • League: Master
  • Spawn Location: 1:00

herO

  • Race: Protoss Protoss
  • League: Master
  • Spawn Location: 7:00

Event: 2019 Assembly Summer

VOD

Have the link to the VOD?

Description

Time

  • Played on: Aug. 2, 2019, 5:24 a.m.
  • Length: 8:59

All games in this series

Show
View Real Time Build Order
Export as new Build Order

lIIllllIIlll Terran - Winner!

Build Orders: Gas First Reaper Expand 

Get SALT Encoding   

  12  0:00  SCV  
  13  0:12  SCV  
  14  0:17  Supply Depot  
  14  0:24  SCV  
  14  0:27  Refinery  
  15  0:38  SCV  
  16  0:44  Barracks  
  16  0:50  SCV  
  17  1:02  SCV  
  18  1:14  SCV  
  19  1:31  Reaper, Orbital Command  
  20  1:42  Command Center  
  20  1:53  Factory  
  20  1:56  SCV  
  21  2:04  Barracks Reactor  
  21  2:08  SCV  
  21  2:13  Supply Depot, Refinery  
  22  2:21  SCV  
  23  2:34  SCV  
  24  2:40  Marine x2, Starport  
  26  2:45  Widow Mine  
  26  2:46  SCV  
  29  2:58  Marine x2  
  29  2:59  SCV  
  29  3:00  Orbital Command  
  32  3:06  Widow Mine  
  32  3:11  SCV  
  35  3:16  Medivac  
  35  3:17  Marine x2  
  39  3:22  Supply Depot  
  39  3:28  Widow Mine, SCV  
  39  3:31  SCV  
  43  3:35  Marine x2  
  43  3:38  Bunker  
  45  3:42  SCV  
  45  3:44  SCV  
  45  3:46  Supply Depot  
  47  3:49  Starport Tech Lab  
  47  3:50  Factory Tech Lab  
  47  3:53  Marine  
  47  3:54  Marine  
  49  4:01  SCV x2  
  51  4:09  Raven  
  53  4:12  Supply Depot, Marine x2  
  53  4:14  SCV x2  
  56  4:22  Siege Tank  
  59  4:30  Marine x2  
  56  4:33  SCV x2  
  51  4:41  Supply Depot  
  51  4:45  SCV x2  
  52  4:47  Engineering Bay  
  52  4:48  Marine x2  
  52  4:52  Viking  
  56  4:57  SCV x2  
  58  5:05  Siege Tank  
  59  5:08  Marine x2  
  59  5:10  SCV x2  
  59  5:13  Missile Turret  
  61  5:14  Missile Turret  
  61  5:22  SCV x2  
  61  5:26  Marine x2  
  65  5:33  Barracks  
  65  5:34  SCV x2  
  67  5:36  Barracks  
  67  5:40  Terran Infantry Weapons Level 1  
  67  5:43  Marine  
  67  5:44  Marine  
  67  5:47  Refinery x2  
  67  5:49  SCV  
  71  5:50  SCV  
  71  5:52  Siege Tank  
  74  5:58  Supply Depot x2  
  74  6:01  Marine x2  
  74  6:02  Starport Reactor  
  74  6:03  SCV x2  
  78  6:19  Marine x2  
  78  6:20  SCV x2  
  78  6:21  Supply Depot x2  
  78  6:24  Stimpack  
  82  6:28  Command Center  
  82  6:34  SCV x2  
  82  6:35  Combat Shield  
  82  6:36  Factory Reactor  
  84  6:45  Marine, Marauder x2  
  87  6:47  Marine  
  88  6:58  SCV x2  
  90  7:02  Barracks  
  90  7:03  Medivac  
  90  7:04  Barracks, Medivac  
  94  7:10  Marauder  
  94  7:11  Marauder  
  94  7:13  Marine x2  
  102  7:16  Widow Mine  
  102  7:18  Widow Mine  
  104  7:23  Supply Depot  
  104  7:24  Supply Depot  
  102  7:31  Marine x2  
  102  7:32  Marauder x2  
  108  7:37  Widow Mine  
  108  7:39  Medivac x2  
  108  7:40  Widow Mine  
  116  7:45  Orbital Command  
  116  7:48  SCV x2  
  117  7:57  Barracks Tech Lab, Barracks Reactor  
  117  7:59  Widow Mine  
  117  8:00  SCV x2  
  117  8:01  Concussive Shells, Widow Mine  
  118  8:09  Marauder x2  
  118  8:10  Marine x2  
  116  8:20  Widow Mine  
  116  8:21  Orbital Command  
  116  8:22  Marauder  
  116  8:23  Widow Mine  
  114  8:28  Marine x2  
  114  8:29  SCV x2  
  114  8:31  Marauder x2  
Show
View Real Time Build Order
Export as new Build Order

herO Protoss 

Build Orders: 1 Gate Expand, Oracle Opening 

Get SALT Encoding   

  12  0:00  Probe  
  13  0:12  Probe  
  14  0:17  Pylon  
  14  0:23  Probe  
  15  0:31  Probe  
  15  0:36  Gateway  
  15  0:39  Probe  
  16  0:45  Assimilator  
  17  0:51  Probe  
  18  1:03  Probe  
  19  1:15  Probe  
  20  1:23  Cybernetics Core  
  20  1:32  Nexus  
  20  1:38  Pylon  
  20  1:43  Assimilator  
  20  1:46  Probe  
  21  1:49  Stalker  
  21  1:58  Probe  
  24  2:11  Probe  
  24  2:14  Pylon  
  25  2:19  Stalker  
  27  2:23  Probe  
  27  2:28  Warp Gate  
  28  2:34  Stargate  
  28  2:36  Probe  
  29  2:44  Probe  
  29  2:49  Stalker  
  32  2:54  Probe  
  32  2:55  Probe  
  34  3:02  Probe  
  33  3:07  Oracle  
  33  3:08  Probe  
  33  3:10  Probe  
  35  3:19  Stalker  
  41  3:20  Probe  
  41  3:23  Probe  
  43  3:32  Probe  
  43  3:34  Assimilator  
  44  3:35  Probe  
  44  3:37  Oracle  
  45  3:47  Probe x2  
  50  3:51  Gateway  
  50  3:54  Gateway  
  50  4:01  Probe x2  
  52  4:05  Pylon  
  52  4:09  Twilight Council  
  52  4:18  Probe x2  
  54  4:26  Stalker  
  40  4:33  Probe x2  
  42  4:42  Oracle  
  42  4:45  Probe x2  
  47  4:55  Stalker x2  
  47  4:58  Probe  
  53  5:00  Probe  
  53  5:10  Probe  
  53  5:12  Probe  
  50  5:21  Probe  
  50  5:22  Probe  
  50  5:25  Phoenix  
  54  5:29  Probe  
  54  5:30  Probe  
  56  5:37  Probe  
  56  5:38  Probe  
  58  5:44  Phoenix  
  58  5:45  Pylon  
  58  5:49  Probe  
  59  5:50  Probe  
  59  5:53  Charge  
  62  6:05  Phoenix  
  62  6:07  Gateway  
  64  6:15  Probe  
  64  6:16  Probe  
  64  6:17  Assimilator  
  66  6:27  Gateway  
  66  6:29  Gateway  
  66  6:31  Gateway  
  66  6:33  Phoenix  
  68  6:41  Pylon  
  68  6:45  Zealot x2  
  68  6:48  Zealot  
  70  6:58  Phoenix  
  70  6:59  Probe  
  73  7:08  Gateway  
  73  7:12  Zealot x2  
  73  7:15  Pylon  
  77  7:18  Pylon x2  
  77  7:33  Phoenix  
  77  7:34  Sentry  
  77  7:35  Zealot x2  
  77  7:36  Zealot x2  
  89  7:41  Zealot  
  89  7:42  Zealot  
  93  8:03  Zealot x4  
  93  8:16  Zealot  
  63  8:20  Zealot x3  
  53  8:29  Zealot x2  
  53  8:30  Zealot x2  
  59  8:45  Zealot x3  
  59  8:46  Zealot  
  59  8:47  Zealot x3  
  73  8:50  Zealot  
Tags
 
Add a new tag
Caveats
  • Supply blocks, unpowered buildings, or Contaminate may cause inaccurate times.
  • Supply counts are checked every 10 seconds.